 Dungeon Crawl Stone Soup version 0.30-a0-1124-g6e8f0f562f (webtiles) character file.

Game seed: 5781692268092363090

125 Zonian the Sneak (level 5, -2/28 HPs)
             Began as a Vine Stalker Brigand on Apr 23, 2023.
             Slain by a kobold brigand
             ... wielding a +0 club
              (8 damage)
             ... on level 3 of the Dungeon.
             The game lasted 00:04:29 (2582 turns).

Zonian the Sneak (Vine Stalker Brigand)             Turns: 2582, Time: 00:04:29

Health: -2/28      AC:  4    Str: 15    XL:     5   Next: 9%
Magic:  0/6        EV: 12    Int: 11    God:
Gold:   158        SH:  3    Dex: 16    Spells: 4/4 levels left

rFire   . . .        a - +2 dagger
rCold   . . .        p - +0 buckler
rNeg    . . .        b - +0 robe
rPois   .            q - +0 hat
rElec   .            c - +0 cloak
rCorr   .            g - +0 pair of gloves
SInv    .            (no boots)
Will    .....        (no amulet)
Stlth   +++          (no ring)
HPRegen 1.04/turn    (no ring)
MPRegen 0.10/turn

%: guardian spirit
@: mighty
A: fangs 2, regeneration 1, magic shield, antimagic bite, no potion heal 2
a: no special abilities


You were on level 3 of the Dungeon.
You visited 1 branch of the dungeon, and saw 3 of its levels.

You collected 158 gold pieces.

Inventory:

Hand Weapons
 a - a +2 dagger (weapon)
Missiles
 d - 7 poisoned darts (quivered)
 e - 2 curare-tipped darts
 k - 50 stones
Armour
 b - a +0 robe (worn)
 c - a +0 cloak (worn)
 g - a +0 pair of gloves (worn)
 p - a +0 buckler (worn)
 q - a +0 hat (worn)
Scrolls
 f - 2 scrolls of torment {unknown}
 m - a scroll of teleportation {unknown}
 n - a scroll of vulnerability {unknown}
 o - 2 scrolls of blinking
 r - a scroll of poison {unknown}
 s - a scroll of immolation {unknown}
Potions
 h - 3 potions of might
 j - a potion of heal wounds
 l - a potion of flight {unknown}


   Skills:
 + Level 3.0 Fighting
 - Level 1.7 Short Blades
 - Level 2.3 Throwing
 + Level 2.3 Dodging
 - Level 5.4 Stealth


You had 4 spell levels left.
You didn't know any spells.
Your spell library contained the following spells:

 Spells                   Type           Power      Damage    Failure   Level
 Necrotise                Necr           0%         1d4       43%         1
 Cigotuvi's Dreadful Rot  Necr/Pois/Air  0%         N/A       58%         2
 Ignite Poison            Fire/Tmut/Pois 0%         N/A       82%         3
 Vampiric Draining        Necr           0%         2d6       82%         3
 Agony                    Necr           0%         N/A       100%        5
 Freezing Cloud           Conj/Ice/Air   0%         6-21      100%        5


Dungeon Overview and Level Annotations

Branches:
Dungeon (3/15)

Altars:


Innate Abilities, Weirdness & Mutations

You have extremely sharp teeth.
Your natural rate of healing is unusually fast.
When hurt, damage is shared between your health and your magic reserves.
Your bite disrupts and absorbs the magic of your enemies.
Potions cannot restore your health.


Message History

The kobold brigand hits you with a +0 club!
You throw a poisoned dart.
The poisoned dart closely misses the kobold brigand.
The poisoned dart hits the kobold.
The kobold looks even sicker.
You kill the kobold!
You block the kobold brigand's attack.
Unknown command.
You throw a poisoned dart.
The poisoned dart hits the kobold brigand.
The kobold brigand is poisoned.
The kobold brigand hits you with a +0 club.
You throw a poisoned dart.
The poisoned dart completely misses the kobold brigand.
The poisoned dart barely misses the kobold.
The poisoned dart hits the kobold.
The kobold is poisoned.
The kobold brigand hits you with a +0 club!
Unknown command.
You hit the kobold brigand.
The kobold brigand is lightly wounded.
The kobold brigand hits you with a +0 club.
* * * LOW HITPOINT WARNING * * *
You barely miss the kobold brigand. Your bite misses the kobold brigand.
The kobold brigand is lightly wounded.
The kobold brigand hits you with a +0 club.
* * * LOW HITPOINT WARNING * * *
Unknown command.
You feel very mighty all of a sudden.
You kill the kobold!
The kobold brigand hits you with a +0 club.
* * * LOW HITPOINT WARNING * * *
Throw: 3 darts (curare)
Press: ? - help, Shift-Dir - straight line, f/p - kobold brigand
Aim: a kobold brigand, wielding a +0 club and quivering curare-tipped darts (lightly wounded, poisoned, 55% to hit)
You throw a curare-tipped dart.
The curare-tipped dart closely misses the kobold brigand.
The curare-tipped dart hits the kobold.
The kobold is poisoned.
The kobold convulses.
You kill the kobold!
The kobold brigand hits you with a +0 club!
You die...

#.# #.# #.# #.# #.# ##.#
#.# #..# ####)# #.##
##.##.# #.# ##.#.#.# #.#
..###..# #.# .##
##.###### #@# ###
##.....####K# #
..####.####...##(##.##...
................)........
.........................
.~~...~........~..~~.~..~
~~~~~~~~~....K~~~~~~~~~~≈
≈≈≈≈≈≈≈~~..K.~≈≈~≈≈≈~≈≈≈≈
≈≈≈≈≈≈≈≈~..K.~~≈~≈≈≈≈≈≈≈≈


You could see a kobold brigand (poisoned).

Vanquished Creatures
  A hound (D:3)
  An adder (D:2)
  A gnoll (D:3)
  3 worms
  3 dart slugs
  3 ball pythons
  4 endoplasms
  2 giant cockroaches (D:2)
  4 goblins
  2 hobgoblins
  4 jackals (D:1)
  A quokka (D:1)
  6 bats
  3 frilled lizards (D:2)
  23 kobolds
  3 rats
64 creatures vanquished.

Notes
Turn   | Place    | Note
-------+----------+-------------------------------------------
     0 | D:1      | Zonian the Vine Stalker Brigand began the quest for the
                  | Orb.
     0 | D:1      | Reached XP level 1. HP: 11/11 MP: 2/2
   149 | D:1      | Reached skill level 1 in Dodging
   149 | D:1      | Reached skill level 5 in Stealth
   176 | D:1      | Reached XP level 2. HP: 15/15 MP: 3/3
   555 | D:1      | Reached XP level 3. HP: 18/18 MP: 4/4
  1364 | D:2      | Gained mutation: Your natural rate of healing is unusually
                  | fast. [Vine Stalker growth]
  1364 | D:2      | Reached XP level 4. HP: 22/23 MP: 5/5
  2536 | D:3      | Noticed a kobold brigand
  2575 | D:3      | Reached XP level 5. HP: 23/28 MP: 6/6
  2582 | D:3      | Slain by a kobold brigand

Illustrated notes

Levels and vault maps discovered:
D:1:      doesnt_arrival_eight_statues, layout_rooms, columned_hall_lemuel,
          chequers_serial_rivers_small_a, hangedman_feature_mirror,
          dreamdust_princess_bridge, chequers_serial_rivers_marsh,
          minmay_pentomino_v2
D:2:      layout_basic
D:3:      minmay_goblin_kobold_castle, layout_loops_ring,
          kennysheep_generic_room_6

Skill      XL: |  1  2  3  4 |
---------------+-------------+-----
Dodging        | 1 2 |  2.3
Stealth        | 5 |  5.4
Fighting       | 2 3 |  3.0
Throwing       | 2 |  2.3
Short Blades   | |  1.7

Action                     |  1- 3 |  4- 6 || total
---------------------------+-------+-------++-------
  Melee: Dagger            |    91 |    45 ||   136
         Bite              |    31 |     9 ||    40
  Throw: Dart              |     7 |    12 ||    19
         Stone             |     1 |       ||     1
    Use: Scroll            |       |     3 ||     3
         Potion            |       |     1 ||     1
   Stab: Sleeping          |     6 |     4 ||    10
 Armour: Robe              |    13 |    12 ||    25
  Dodge: Dodged            |    41 |    31 ||    72
  Block: Buckler           |       |     8 ||     8

Table legend: (Time is in decaauts)
 A = Elapsed time spent in this place.
 B = Non-inter-level travel time spent in this place.
 C = Inter-level travel time spent in this place.
 D = Time resting spent in this place.
 E = Time spent auto-exploring this place.
 F = Levels seen in this place.
 G = Mean time per level.
                   A        B        C        D        E       F      G
               +--------+--------+--------+--------+--------+-----+--------+
         Total |   2578 |   2539 |     39 |    225 |   1707 |   3 |  859.3 |
       Dungeon |   2578 |   2539 |     39 |    225 |   1707 |   3 |  859.3 |
               +--------+--------+--------+--------+--------+-----+--------+

Top non-repeatable levels by time:
     D:2: 1175 daAuts
     D:1: 913 daAuts
     D:3: 488 daAuts
